 Dungeon Crawl Stone Soup version 0.27-a0-1290-g15d3ce7508 (webtiles) character file.

Game seed: 12876687197814798996

1197 Delamore the Spear-Bearer (level 8, -10/62 HPs)
             Began as a Formicid Fighter on June 15, 2021.
             Was an Initiate of Gozag.
             Mangled by a two-headed ogre (17 damage)
             ... on level 6 of the Dungeon.
             The game lasted 00:06:25 (6848 turns).

Delamore the Spear-Bearer (Formicid Fighter)        Turns: 6848, Time: 00:06:26

Health: -10/62     AC: 11    Str: 25    XL:     8   Next: 72%
Magic:  8/8        EV:  8    Int:  9    God:    Gozag
Gold:   418        SH: 10    Dex: 10    Spells: 7/7 levels left

rFire    . . .     SeeInvis +   a - +0 trident
rCold    . . .     Faith    .   c - +1 kite shield
rNeg     . . .     Spirit   .   b - +0 scale mail
rPois    .         Reflect  .   (helmet unavailable)
rElec    .         Harm     .   (no cloak)
rCorr    +         Rampage  .   s - +2 pair of gloves {Str+3}
Will     .....                  i - +0 pair of boots
Stlth    ..........             (no amulet)
HPRegen  0.20/turn              l - ring of resist corrosion
MPRegen  0.11/turn              (no ring)

@: no status effects
A: permanent stasis, dig shafts and tunnels, antennae 3, four strong arms
a: Dig, Shaft Self, Renounce Religion, Potion Petition, Call Merchant, Bribe
Branch


You were on level 6 of the Dungeon.
You worshipped Gozag.
Gozag was aware of your devotion.
You visited 2 branches of the dungeon, and saw 7 of its levels.
You also visited: Sewer.

You collected 699 gold pieces.
You spent 205 gold pieces at shops.
You paid 76 gold pieces to Gozag.

Inventory:

Hand Weapons
 a - a +0 trident (weapon)
Missiles
 g - 2 throwing nets (quivered)
 n - 27 poisoned darts
Armour
 b - a +0 scale mail (worn)
 c - a +1 kite shield (worn)
 i - a +0 pair of boots (worn)
 s - a +2 pair of gloves of strength (worn)
Jewellery
 l - a ring of resist corrosion (left hand)
 o - a +6 ring of intelligence
Scrolls
 d - a scroll of fear
 p - a scroll of magic mapping
Potions
 e - a potion of invisibility {unknown}
 f - 2 potions of magic
 h - a potion of haste
 j - a potion of cancellation
 k - 2 potions of lignification {unknown}
 m - a potion of ambrosia
 q - 2 potions of mutation {unknown}
 r - 3 potions of heal wounds {unknown}
 t - 2 potions of flight {unknown}
 u - 3 potions of curing


   Skills:
 - Level 5.0 Fighting
 * Level 9.4 Polearms
 - Level 3.2 Armour
 - Level 3.6 Shields


You had 7 spell levels left.
You didn't know any spells.
Your spell library contained the following spells:

 Spells                   Type           Power      Damage    Failure   Level
 Shock                    Conj/Air       0%         1d3       97%         1
 Static Discharge         Conj/Air       0%         N/A       99%         2
 Airstrike                Air            0%         N/A       100%        4
 Lightning Bolt           Conj/Air       0%         1d11      100%        5
 Swiftness                Air            Unusable   N/A       N/A         3

Dungeon Overview and Level Annotations

Branches:
Dungeon (6/15)             Temple (1/1) D:4           Sewer (visited)

Altars:
Ashenzari
Dithmenos
Fedhas
Gozag
Kikubaaqudgha
Makhleb
Okawaru
Ru
Uskayaw
The Shining One

Shops:
D:3 [   D:6 *


Innate Abilities, Weirdness & Mutations

You cannot be hasted, slowed, berserked, paralysed or teleported.
You can dig through walls and to a lower floor.
You have a pair of large antennae on your head. (SInv)
Your four strong arms can wield two-handed weapons with a shield.


Message History

The two-headed ogre is lightly wounded.
You barely miss the two-headed ogre.
The two-headed ogre is lightly wounded.
The two-headed ogre closely misses you.
The two-headed ogre hits you with a +0 giant club!
You puncture the two-headed ogre!
The two-headed ogre is moderately wounded.
You block the two-headed ogre's attack.
The two-headed ogre hits you with a +0 giant club!
You puncture the two-headed ogre!
The two-headed ogre is heavily wounded.
You block the two-headed ogre's attack. The two-headed ogre barely misses you.
You hit the two-headed ogre.
The two-headed ogre is heavily wounded.
You block the two-headed ogre's attack.
The two-headed ogre hits you with a +0 giant club!
You are too injured to fight recklessly!
You are too injured to fight recklessly!
You are too injured to fight recklessly!
You hit the two-headed ogre.
The two-headed ogre is heavily wounded.
You hit the two-headed ogre.
The two-headed ogre is severely wounded.
You block the two-headed ogre's attack.
The two-headed ogre hits you but does no damage.
You puncture the two-headed ogre!
The two-headed ogre is severely wounded.
The two-headed ogre hits you with a +0 giant club!
* * * LOW HITPOINT WARNING * * *
The two-headed ogre hits you with a +0 giant club!
* * * LOW HITPOINT WARNING * * *
Throw: 3 throwing nets
Press: ? - help, Q - select action, (/) - cycle Shift-Dir - straight line, f/p - two-headed ogre
Aim: a two-headed ogre, wielding two +0 giant clubs (severely wounded, 73% to hit)
You throw a throwing net.
The throwing net barely misses the two-headed ogre.
The two-headed ogre closely misses you.
The two-headed ogre hits you with a +0 giant club!
You die...
Your body crumbles into a pile of gold.

#### #.. #.# #@# #O# #.#
##.## #+## #.(.# #...##
######.#.####.....##
#......#...#.......# #
#.#.#.####..........####
#.#....#............'...


You could see a two-headed ogre.

Vanquished Creatures
  Purgy (Sewer)
  A necrophage (D:6)
  A centaur (D:4)
  2 bullfrogs
  A wyvern skeleton (D:5)
  A water moccasin skeleton (D:5)
  2 centaur zombies (D:5)
  An orc priest (D:5)
  2 hounds (D:5)
  A gnoll shaman (D:6)
  Terence (D:2)
  3 iguanas
  4 orc wizards
  12 gnolls
  5 adders
  A river rat (D:6)
  A white imp (D:5)
  An adder skeleton (D:4)
  6 worms
  4 dart slugs
  5 orcs
  6 bats
  9 endoplasms
  6 giant cockroaches
  6 goblins
  5 hobgoblins
  14 jackals
  4 quokkas
  9 ball pythons
  8 frilled lizards
  9 kobolds
  8 rats
140 creatures vanquished.

Notes
Turn   | Place    | Note
-------+----------+-------------------------------------------
     0 | D:1      | Delamore the Formicid Fighter began the quest for the Orb.
     0 | D:1      | Reached XP level 1. HP: 18/18 MP: 1/1
   321 | D:1      | Reached XP level 2. HP: 14/24 MP: 2/2
   640 | D:1      | Reached XP level 3. HP: 19/30 MP: 3/3
  1012 | D:1      | Reached skill level 3 in Polearms
  1659 | D:2      | Reached XP level 4. HP: 37/37 MP: 4/4
  1898 | D:2      | Noticed Terence
  1902 | D:2      | Reached skill level 4 in Polearms
  1924 | D:2      | Killed Terence
  1925 | D:2      | Reached XP level 5. HP: 19/42 MP: 5/5
  2849 | D:3      | Found Avacuymp's Armour Boutique.
  3108 | D:4      | Noticed a centaur
  3123 | D:4      | Killed a centaur
  3124 | D:4      | Reached skill level 5 in Polearms
  3124 | D:4      | Reached XP level 6. HP: 31/48 MP: 6/6
  3306 | D:4      | Reached skill level 6 in Polearms
  3644 | D:4      | Found a staircase to the Ecumenical Temple.
  3657 | Temple   | Entered the Ecumenical Temple
  3678 | Temple   | Became a worshipper of Gozag Ym Sagoz the Greedy
  4006 | D:3      | Reached XP level 7. HP: 10/55 MP: 7/7
  4709 | D:5      | Entered Level 5 of the Dungeon
  4865 | D:5      | Reached skill level 7 in Polearms
  5427 | D:5      | Reached skill level 5 in Fighting
  5427 | D:5      | Reached XP level 8. HP: 41/62 MP: 8/8
  5665 | D:5      | Reached skill level 8 in Polearms
  5751 | D:5      | Found a burning altar of Makhleb.
  6095 | D:6      | Found a glowing drain.
  6116 | D:6      | Found Kiggex's Assorted Antiques.
  6122 | Sewer    | Entered a sewer
  6206 | Sewer    | Noticed Purgy
  6231 | Sewer    | Killed Purgy
  6520 | D:6      | Reached skill level 9 in Polearms
  6631 | D:6      | Bought a scroll labelled DIRITTUESI for 26 gold pieces
  6631 | D:6      | Acquired a +2 pair of gloves of strength
  6638 | D:6      | Bought a potion of curing for 78 gold pieces
  6638 | D:6      | Bought a fizzy silvery potion for 23 gold pieces
  6638 | D:6      | Bought a potion of curing for 78 gold pieces
  6824 | D:6      | Noticed a two-headed ogre
  6848 | D:6      | Mangled by a two-headed ogre

Illustrated notes

Levels and vault maps discovered:
D:1:      psy_arrival_radial02, layout_basic
D:2:      layout_loops_ring, minmay_close_crescents, uniq_terence
D:3:      layout_rooms, serial_shops, shop
D:4:      layout_loops_cross, minmay_temple_entry_drinking_statues,
          chequers_serial_rivers_micro_c
D:5:      layout_rooms, lemuel_doored_altar, minivault_11
D:6:      layout_loops_corners, portal_sewer_entry_a, serial_shops, shop,
          uniq_grinder
Temple:   grunt_wide_crystal_templ

Skill      XL: |  1  2  3  4  5  6  7  8 |
---------------+-------------------------+-----
Polearms       | 3 4 5 6 7 9 |  9.4
Fighting       | 4 5 |  5.0
Armour         | |  3.2
Shields        | |  3.6

Action                   |  1- 3 |  4- 6 |  7- 9 || total
-------------------------+-------+-------+-------++-------
Melee: Trident           |   137 |   253 |   305 ||   695
Throw: Throwing net      |       |       |     2 ||     2
 Abil: Dig               |       |     1 |     6 ||     7
  Use: Scroll            |     2 |     4 |     8 ||    14
       Potion            |       |     2 |     2 ||     4
 Stab: Held in net/web   |       |       |     1 ||     1
Armor: Scale mail        |    47 |   115 |    92 ||   254
Dodge: Dodged            |    33 |    98 |   100 ||   231
Block: Kite shield       |    51 |   127 |   156 ||   334

Table legend: (Time is in decaauts)
 A = Elapsed time spent in this place.
 B = Non-inter-level travel time spent in this place.
 C = Inter-level travel time spent in this place.
 D = Time resting spent in this place.
 E = Time spent auto-exploring this place.
 F = Levels seen in this place.
 G = Mean time per level.
                   A        B        C        D        E       F      G
               +--------+--------+--------+--------+--------+-----+--------+
         Total |   7002 |   6873 |    129 |   1240 |   4254 |   8 |  875.2 |
       Dungeon |   6584 |   6459 |    125 |    982 |   4182 |   6 | 1097.3 |
        Temple |     26 |     22 |      4 |      0 |     15 |   1 |   26.0 |
         Sewer |    391 |    391 |      0 |    258 |     57 |   1 |  391.0 |
               +--------+--------+--------+--------+--------+-----+--------+

Top non-repeatable levels by time:
     D:1: 1472 daAuts
     D:5: 1312 daAuts
     D:2: 1160 daAuts
     D:4: 1127 daAuts
     D:3: 1035 daAuts
     D:6: 476 daAuts
   Sewer: 391 daAuts
  Temple: 26 daAuts
